 Dungeon Crawl Stone Soup version 0.22.1-2-g9c5b331 (webtiles) character file.

9 Goblin1989 the Sneak (level 2, -3/19 HPs)
             Began as an Octopode Assassin on Dec 12, 2018.
             Slain by a leopard gecko (4 damage)
             ... on level 1 of the Dungeon.
             The game lasted 00:01:11 (124 turns).

Goblin1989 the Sneak (Octopode Assassin)             Turns: 124, Time: 00:01:11

Health: -3/19      AC:  1    Str: 10    XL:     2   Next: 12%
Magic:  2/2        EV: 13    Int: 13    God:
Gold:   15         SH:  0    Dex: 13    Spells: 1/1 levels left

rFire    . . .     SeeInvis .   a - +2 dagger
rCold    . . .     Gourm    .   (no shield)
rNeg     . . .     Faith    .   (helmet restricted)
rPois    .         Spirit   .   (no amulet)
rElec    .         Reflect  .   (no ring)
rCorr    .         Harm     .   (no ring)
MR       .....                  (no ring)
Stlth    ++++......             (no ring)
HPRegen  0.06/turn              (no ring)
MPRegen  0.08/turn              (no ring)
                                (no ring)
                                (no ring)

@: no status effects
A: almost no armour, stealthy swim, amphibious, 8 rings, constrict 8, camouflage
1, gelatinous body 1
a: no special abilities


You were on level 1 of the Dungeon.
You were not hungry.

You visited 1 branch of the dungeon, and saw 1 of its levels.

You collected 15 gold pieces.

Inventory:

Hand Weapons
 a - a +2 dagger (weapon)
 w - a +0 blowgun {@w1}
Missiles
 c - 8 poisoned needles
 d - 2 curare-tipped needles
 x - 32 stones (quivered) {@Q3}
Comestibles
 e - a ration
 v - 2 chunks of flesh


   Skills:
 - Level 2.0 Fighting
 - Level 2.0 Short Blades
 - Level 2.0 Throwing
 - Level 1.0 Dodging
 + Level 6.1 Stealth


You had one spell level left.
You didn't know any spells.
Your spell library was empty.

Dungeon Overview and Level Annotations

Branches:
Dungeon (1/15)

Altars:


Innate Abilities, Weirdness & Mutations

You cannot wear most types of armour.
You are very stealthy in the water. (Stealth+)
You are amphibious.
You can wear up to eight rings at the same time.
You can use your tentacles to constrict eight enemies at once.
Your skin changes colour to match your surroundings (Stealth+).
Your rubbery body absorbs attacks. (AC +1, EV +1)


Message History

HP restored.
Key pressed, stopping explore.
x - 32 stones {@Q3} (gained 11) Health restored: 14 A frilled lizard comes into view.
A frilled lizard is nearby!
A frilled lizard is nearby!
A frilled lizard is nearby!
A kobold comes into view. It is wielding a whip.
The frilled lizard hisses angrily.
A bat comes into view.
You hit the frilled lizard. Your grab misses the frilled lizard.
You squeeze the frilled lizard.
You kill the frilled lizard!
No target in view!
No target in view!
No target in view!
The bat is too close now for your liking.
You see here a frilled lizard corpse.
A bat is nearby!
A bat is nearby!
You hit the bat.
You kill the bat!
No target in view!
No target in view!
No target in view!
No target in view!
No target in view!
You butcher the frilled lizard corpse.
v - a chunk of flesh You butcher the bat corpse.
v - 2 chunks of flesh (gained 1)
You now have 15 gold pieces.
The kobold is too close now for your liking.
A kobold is nearby!
A bat and a goblin come into view. 2 hobgoblins and a kobold come into view.
The kobold shouts!
The goblin shouts!
You hear a shout!
The kobold throws a stone.
The stone misses you.
A rat comes into view.
A leopard gecko comes into view.
A kobold comes into view. It is wielding a short sword.
The bat hits you. The kobold closely misses you.
You take 1 damage, and have 13/14 hp.
The hobgoblin shouts!
The leopard gecko hisses angrily.
The kobold shouts!
You hit the kobold but do no damage. Your grab misses the kobold.
The kobold throws a stone.
The stone hits you.
You take 3 damage, and have 10/14 hp.
MASSIVE DAMAGE!!
You closely miss the kobold. You grab the kobold. You squeeze the kobold.
You kill the kobold!
The bat barely misses you.
The kobold throws a stone.
The stone hits you.
You take 2 damage, and have 8/14 hp.
Unknown command.
The hobgoblin hits you with a club.
* * * LOW HITPOINT WARNING * * *
You take 2 damage, and have 6/14 hp.
The bat misses you. The bat hits you but does no damage. The bat hits you.
* * * LOW HITPOINT WARNING * * *
You take 1 damage, and have 5/14 hp.
You don't know any spells.
The bat closely misses you. The bat closely misses you. The bat misses you.
You closely miss the bat. Your grab misses the bat. The bat hits you.
* * * LOW HITPOINT WARNING * * *
You take 1 damage, and have 4/14 hp.
You hit the hobgoblin. You grab the hobgoblin.
The hobgoblin is almost dead.
You constrict the hobgoblin.
You kill the hobgoblin!
The bat barely misses you.
You barely miss the bat. Your grab misses the bat. The bat closely misses you.
You barely miss the goblin. You grab the goblin. You squeeze the goblin.
You kill the goblin!
Your Stealth skill increases to level 6!
You have reached level 2!
The bat hits you.
* * * LOW HITPOINT WARNING * * *
The bat hits you but does no damage.
MP restored: 2 You hit the bat.
You grab the bat.
The bat is heavily wounded.
You constrict the bat. The bat misses you.
You hit the bat.
You kill the bat!
You miss the leopard gecko. Your grab misses the leopard gecko.
The leopard gecko bites you.
* * * LOW HITPOINT WARNING * * *
You take 2 damage, and have 3/19 hp.
You closely miss the leopard gecko. Your grab misses the leopard gecko.
Your squeeze misses the leopard gecko. The leopard gecko bites you.
* * * LOW HITPOINT WARNING * * *
The leopard gecko barely misses you.
You take 2 damage, and have 1/19 hp.
You hit the leopard gecko. You grab the leopard gecko.
The leopard gecko is almost dead.
You constrict the leopard gecko, but do no damage.
The leopard gecko bites you.
You die...

████.....██.██████........
█..............>......%...
█.██████..█..(██ █........
█.█ █....█..███..l.....
█.█ ██...██(..█.grg....
█.█ ███..g..g█........ █.█
██KK██..Kg...... ███∆███
██l██.K)!...... █.....█
█@████........ █.....█
███.██████...... █..8.[█
█.......█ .█████ █.....█
█.......█ .█ █..<..█
█.......█ .


███████ █.......█ █ █.......█ █.........█ ....█.......█ You could see a leopard
gecko, a hobgoblin and 2 kobolds.

Vanquished Creatures
  A goblin (D:1)
  A hobgoblin (D:1)
  2 kobolds (D:1)
  2 bats (D:1)
  A frilled lizard (D:1)
  A rat (D:1)
8 creatures vanquished.

Notes
Turn   | Place    | Note
-------+----------+-------------------------------------------
     0 | D:1      | Goblin1989 the Octopode Assassin began the quest for the
                  | Orb.
     0 | D:1      | Reached XP level 1. HP: 14/14 MP: 1/1
   119 | D:1      | Reached skill level 6 in Stealth
   119 | D:1      | Reached XP level 2. HP: 6/19 MP: 2/2
   124 | D:1      | Slain by a leopard gecko

Skill      XL: |  1 |
---------------+----+-----
Stealth        | 6 |  6.1
Fighting       | |  2.0
Short Blades   | |  2.0
Throwing       | |  2.0
Dodging        | |  1.0

Action                   || total
-------------------------++-------
Melee: Dagger            ||    17
       Constrict         ||     6
       Tentacles         ||     3
Armor: Skin              ||     2
Dodge: Dodged            ||    13

Vault maps used:
D:1:      minmay_arrival_solitary_statue
